 Dungeon Crawl Stone Soup version 0.23.2-1-ga50397a (webtiles) character file.

Game seed: 4492859343001369475

9404 schauveau the Slinger (level 11, 0/77 HPs)
             Began as a Halfling Hunter on May 5, 2019.
             Was a High Priest of Trog.
             Slain by a yak (16 damage)
             ... on level 10 of the Dungeon.
             The game lasted 00:21:21 (9031 turns).

schauveau the Slinger (Halfling Hunter)             Turns: 9031, Time: 00:21:22

Health: 0/77       AC:  5    Str: 22    XL:     11   Next: 73%
Magic:  11/11      EV: 27    Int:  9    God:    Trog [*****.]
Gold:   479        SH:  0    Dex: 23    Spells: 10/10 levels left

rFire    . . .     SeeInvis .   a - +1 hunting sling
rCold    . . .     Gourm    .   (shield restricted)
rNeg     . . .     Faith    .   w - +1 leather armour of Meylats Lebb {Str+9 Dex+4}
rPois    .         Spirit   .   n - +0 helmet
rElec    .         Reflect  .   (no cloak)
rCorr    .         Harm     .   (no gloves)
MR       +....                  (no boots)
Stlth    +++++.....             (no amulet)
HPRegen  0.22/turn              h - +3 ring of evasion
MPRegen  0.12/turn              p - ring of protection from magic

@: no status effects
A: small, mutation resistance 1
a: Berserk, Trog's Hand, Brothers in Arms, Renounce Religion


You were on level 10 of the Dungeon.
You worshipped Trog.
Trog was extremely pleased with you.
You were not hungry.

You visited 1 branch of the dungeon, and saw 10 of its levels.
You also visited: Bailey.

You collected 575 gold pieces.
You spent 96 gold pieces at shops.

Inventory:

Hand Weapons
 a - a +1 hunting sling (weapon)
 b - a +0 short sword of electrocution
 r - a +0 dagger of venom
 G - a +0 hand axe of electrocution
Missiles
 q - 256 stones (quivered)
 D - 5 needles of confusion
 J - 73 tomahawks of returning
 P - 18 poisoned needles
Armour
 n - a +0 helmet (worn)
 w - the +1 leather armour of Meylats Lebb (worn) {Str+9 Dex+4}
   (You found it on level 5 of the Dungeon)

   It affects your strength (+9).
   It affects your dexterity (+4).
 A - a +0 buckler
 I - a +2 leather armour of cold resistance
Jewellery
 h - a +3 ring of evasion (left hand)
 p - a ring of protection from magic (right hand)
Wands
 c - a wand of iceblast (10)
 y - a wand of polymorph (4)
Scrolls
 d - 2 scrolls of fog
 i - 3 scrolls of remove curse
 o - 3 scrolls of magic mapping
 s - 2 scrolls of random uselessness {unknown}
 t - a scroll of noise {unknown}
 u - a scroll of blinking {unknown}
 x - 2 scrolls of enchant weapon
 B - a scroll of teleportation {unknown}
 E - 3 scrolls of immolation
 N - 2 scrolls of identify
 O - a scroll of vulnerability {unknown}
Potions
 e - 4 potions of might {unknown}
 g - 12 potions of curing
 k - 2 potions of agility {unknown}
 l - 2 potions of cancellation
 v - a potion of ambrosia {unknown}
 z - 9 potions of magic {unknown}
 C - a potion of lignification {unknown}
 F - 3 potions of flight {unknown}
 H - 2 potions of invisibility {unknown}
 K - a potion of experience {unknown}
 L - a potion of mutation {unknown}
 M - a potion of haste {unknown}
Comestibles
 f - 17 rations
 j - 7 chunks of flesh


   Skills:
 + Level 8.2 Fighting
 - Level 12.0 Slings
 + Level 9.8 Dodging
 + Level 10.3 Stealth
 - Level 5.6 Shields


You had 10 spell levels left.
You didn't know any spells.
Your spell library was empty.

Dungeon Overview and Level Annotations

Branches:
Dungeon (10/15)            Temple (0/1) D:5            Lair (0/6) D:9
    Orc: D:9-12

Altars:
Fedhas
Makhleb
Okawaru
Sif Muna
Trog
The Shining One

Shops:
D:7 !!

Annotations:
D:3 Robin
D:4 2 transporters, daning's ghost, amateur DECj
D:7 3 runed translucent doors, totalnoob's ghost, novice GnMo
D:9 3 runed translucent doors, dvd's ghost, novice DDGl


Innate Abilities, Weirdness & Mutations

You are small and have problems with some larger weapons.
You are somewhat resistant to further mutation.


Message History

Aim: a yak (heavily wounded)
You shoot a stone. The stone barely misses the yak.
The yak barely misses you.
Firing (i - inventory. (/) - cycle)
q - 259 stones (quivered)
Press: ? - help, Shift-Dir - straight line, f/p - yak
Aim: a yak (heavily wounded)
You shoot a stone. The stone hits the yak.
The yak is severely wounded.
The yak completely misses you.
Firing (i - inventory. (/) - cycle)
q - 258 stones (quivered)
Press: ? - help, Shift-Dir - straight line, f/p - yak
Aim: a yak (severely wounded)
You shoot a stone. The stone hits the yak.
The yak is severely wounded.
Firing (i - inventory. (/) - cycle)
q - 257 stones (quivered)
Press: ? - help, Shift-Dir - straight line, f/p - yak
Aim: a yak (severely wounded)
You shoot a stone. The stone hits the yak!
The yak is almost dead.
The yak gores you!
You die...

#.........>.#
######...........#
#...(((...<......#
+..####...........#
#.....Y.....#
#...........#
#(......†...#
#########'###
#.@Y(((# #+######
###'########
.......#
#..........#
.......#
#..<.......#
.......+
#..........#
.......#
#..........#
.......#
#..>.......#
.......#
#.'..........#
.......#
###.......>..#


You could see a yak.

Vanquished Creatures
  2 unseen horrors (D:10)
  4 hippogriffs
  Sigmund (D:3)
  9 yaks
  A vampire (D:10)
  A wyvern (D:8)
  A hungry ghost (D:10)
  2 water moccasins
  3 porcupines (D:9)
  4 sky beasts
  2 ice beasts
  4 orc warriors
  2 black bears
  5 ogres
  A necrophage (D:10)
  A phantom (D:6)
  5 centaurs
  2 crocodiles
  A big kobold (D:10)
  9 bullfrogs
  A scorpion (D:4)
  8 killer bees
  3 wights (D:8)
  2 howler monkeys (D:10)
  5 crimson imps
  2 bullfrog zombies
  3 quasits
  A centaur skeleton (D:8)
  3 hounds
  2 bullfrog skeletons
  4 jellies
  5 orc priests
  Jessica (D:3)
  Natasha (D:3)
  4 orc wizards
  8 worker ants
  3 hound zombies
  2 worker ant zombies
  A howler monkey zombie (D:8)
  12 adders
  24 gnolls
  A shadow imp (D:7)
  2 oozes (D:1)
  An adder zombie (D:6)
  A worm (D:4)
  3 dart slugs
  6 leopard geckos
  17 orcs
  2 ball pythons (D:2)
  4 bats
  4 giant cockroaches
  17 goblins
  20 hobgoblins
  23 jackals
  17 kobolds
  A quokka (D:7)
  5 frilled lizards
  A quokka zombie (D:4)
  8 rats
  A fungus (D:9)
289 creatures vanquished.

Vanquished Creatures (others)
  8 fungi (D:9)
  4 plants (D:9)
12 creatures vanquished.

Grand Total: 301 creatures vanquished

Notes
Turn   | Place    | Note
-------+----------+-------------------------------------------
     0 | D:1      | schauveau the Halfling Hunter began the quest for the Orb.
     0 | D:1      | Reached XP level 1. HP: 14/14 MP: 1/1
    19 | D:1      | Reached skill level 6 in Slings
    93 | D:1      | Reached XP level 2. HP: 19/19 MP: 2/2
   161 | D:1      | Reached XP level 3. HP: 15/24 MP: 3/3
   454 | D:1      | Reached XP level 4. HP: 29/29 MP: 4/4
   629 | D:2      | Found a glowing golden altar of the Shining One.
   721 | D:2      | You fall through a shaft!
   723 | D:3      | Noticed Sigmund
   732 | D:3      | Noticed Robin
   764 | D:2      | Found a bloodstained altar of Trog.
   783 | D:2      | Became a worshipper of Trog the Wrathful
  1100 | D:3      | Killed Sigmund
  1100 | D:3      | Reached skill level 7 in Slings
  1100 | D:3      | Reached XP level 5. HP: 14/36 MP: 5/5
  1100 | D:3      | Reached XP level 6. HP: 16/41 MP: 6/6
  1215 | D:2      | Reached skill level 8 in Slings
  1377 | D:2      | Found a faded altar of an unknown god.
  1848 | D:3      | Noticed Natasha
  1854 | D:3      | Killed Natasha
  1854 | D:3      | Reached * piety under Trog
  1903 | D:3      | Noticed Jessica
  1909 | D:3      | Killed Jessica
  1909 | D:3      | Reached XP level 7. HP: 46/46 MP: 7/7
  2101 | D:4      | Found a transporter.
  2101 | D:4      | Found a transporter.
  2101 | D:4      | Noticed daning's ghost (amateur DECj)
  2212 | D:4      | Reached skill level 9 in Slings
  2303 | D:4      | Found an iron altar of Okawaru.
  2582 | D:4      | Reached XP level 8. HP: 50/54 MP: 8/8
  2713 | D:4      | Found a burning altar of Makhleb.
  2781 | D:5      | Entered Level 5 of the Dungeon
  2823 | D:5      | Found a blossoming altar of Fedhas.
  2881 | D:5      | Reached skill level 10 in Slings
  2924 | D:5      | Found a staircase to the Ecumenical Temple.
  2945 | D:5      | Reached skill level 5 in Dodging
  2994 | D:5      | Reached ** piety under Trog
  3007 | D:5      | Reached skill level 5 in Stealth
  3313 | D:5      | Got a heavily runed leather armour
  3324 | D:5      | Identified the +1 leather armour of Meylats Lebb {Str+9
                  | Dex+4} (You found it on level 5 of the Dungeon)
  3693 | D:6      | Reached skill level 11 in Slings
  3693 | D:6      | Reached XP level 9. HP: 43/59 MP: 9/9
  4038 | D:6      | Reached skill level 5 in Fighting
  4291 | D:7      | Reached skill level 12 in Slings
  4405 | D:7      | Noticed a hippogriff
  4416 | D:7      | Killed a hippogriff
  4427 | D:7      | Found a runed translucent gate.
  4427 | D:7      | Found a runed translucent gate.
  4472 | D:7      | Found Umpaep's Distillery.
  4496 | D:7      | Bought 2 potions of curing for 96 gold pieces
  4704 | D:7      | Noticed totalnoob's ghost (novice GnMo)
  4705 | D:7      | Found a runed translucent gate.
  4823 | D:7      | Found Ucliexyr's Distillery.
  5018 | D:7      | Noticed a hippogriff
  5034 | D:7      | Killed a hippogriff
  5049 | D:7      | Reached *** piety under Trog
  5049 | D:7      | Reached XP level 10. HP: 52/68 MP: 10/10
  5320 | D:7      | Found a deep blue altar of Sif Muna.
  5926 | D:8      | Found a flagged portal.
  5935 | Bailey   | Entered a bailey
  6147 | Bailey   | Reached **** piety under Trog
  6176 | Bailey   | Received a gift from Trog
  6187 | Bailey   | Reached skill level 1 in Shields
  7301 | D:9      | Found a staircase to the Lair.
  7404 | D:9      | Reached XP level 11. HP: 54/75 MP: 11/11
  7478 | D:9      | Found a runed translucent gate.
  7478 | D:9      | Found a runed translucent gate.
  7479 | D:9      | Found a runed translucent gate.
  7479 | D:9      | Noticed dvd's ghost (novice DDGl)
  7484 | D:9      | Found a blossoming altar of Fedhas.
  8053 | D:10     | Entered Level 10 of the Dungeon
  8105 | D:10     | Killed an unseen horror
  8266 | D:10     | Reached skill level 5 in Shields
  8509 | D:10     | Killed an unseen horror
  8778 | D:10     | Reached ***** piety under Trog
  8857 | D:10     | Reached skill level 10 in Stealth
  9031 | D:10     | Slain by a yak

Skill      XL: |  1  2  3  4  5  6  7  8  9 10 11 |
---------------+----------------------------------+-----
Slings         | 6 7 8 9 11 12 | 12.0
Fighting       | 2 3 4 5 7 8 |  8.2
Stealth        | 2 3 4 5 7 9 10 | 10.3
Dodging        | 3 4 5 7 8 9 |  9.8
Shields        | 3 5 |  5.6

Action                   |  1- 3 |  4- 6 |  7- 9 | 10-12 || total
-------------------------+-------+-------+-------+-------++-------
Melee: Short sword       |    54 |    17 |       |     6 ||    77
       Hunting sling     |       |       |     1 |     3 ||     4
 Fire: Hunting sling     |    51 |   104 |   419 |   710 ||  1284
  Use: Scroll            |       |       |    11 |     1 ||    12
       Potion            |       |       |       |     5 ||     5
 Stab: Distracted        |     1 |       |       |       ||     1
       Sleeping          |     1 |       |       |       ||     1
  Eat: Chunk             |       |     3 |     6 |     4 ||    13
       Ration            |       |       |     1 |     2 ||     3
Armor: Leather armour    |     4 |    12 |    19 |    22 ||    57
Dodge: Dodged            |    48 |    49 |   116 |   309 ||   522
